 Dungeon Crawl Stone Soup version 0.31-b1-22-gc680215f68 (webtiles) character file.

Game seed: 7202351153456605151

40 Arctor the Vexing (level 3, -1/21 HPs)
             Began as a Kobold Hexslinger on Jan 19, 2024.
             Slain by an adder (2 damage)
             ... on level 2 of the Dungeon.
             The game lasted 00:00:40 (1280 turns).

Arctor the Vexing (Kobold Hexslinger)               Turns: 1280, Time: 00:00:41

Health: -1/21      AC:  3    Str:  5    XL:     3   Next: 72%
Magic:  5/5        EV: 15    Int: 14    God:
Gold:   48         SH:  0    Dex: 19    Spells: 3/5 levels left

rFire   . . .        a - +1 sling
rCold   . . .        (no shield)
rNeg    . . .        c - +0 robe
rPois   .            (no helmet)
rElec   .            (no cloak)
rCorr   .            e - +0 pair of gloves
SInv    .            (no boots)
Will    .....        (no amulet)
Stlth   +++          (no ring)
HPRegen 0.23/turn    (no ring)
MPRegen 0.09/turn

%: no passive effects
@: lethally poisoned (-1 -> -4)
A: small, no large weapons, nightstalker 3
a: no special abilities


You were on level 2 of the Dungeon.
You visited 1 branch of the dungeon, and saw 2 of its levels.

You collected 48 gold pieces.

Inventory:

Hand Weapons
 a - a +1 sling (weapon)
Armour
 c - a +0 robe (worn)
 e - a +0 pair of gloves (worn)
Magical Staves
 l - a staff of earth
Jewellery
 f - a ring of fire
Scrolls
 b - 2 scrolls of poison
 h - 2 scrolls of identify {unknown}
 i - a scroll of fog {unknown}
 k - a scroll of enchant weapon {unknown}
Potions
 d - a potion of might {unknown}
 g - 2 potions of haste {unknown}
 j - a potion of curing {unknown}


   Skills:
 + Level 1.7 Fighting
 + Level 3.1 Ranged Weapons
 + Level 2.8 Dodging
 + Level 1.8 Spellcasting
 + Level 3.2 Hexes
 + Level 1.4 Fire Magic


You had 3 spell levels left.
You knew the following spells:

 Your Spells              Type           Power      Damage    Failure   Level
a - Jinxbite              Hex            20%        N/A       10%         2

Your spell library contained the following spells:

 Spells                   Type           Power      Damage    Failure   Level
 Sigil of Binding         Hex            10%        N/A       19%         3
 Inner Flame              Hex/Fire       7%         N/A       28%         3
 Cause Fear               Hex            5%         N/A       54%         4
 Dimensional Bullseye     Hex/Tloc       2%         N/A       77%         4


Dungeon Overview and Level Annotations

Branches:
Dungeon (2/15)

Altars:


Innate Abilities, Weirdness & Mutations

You are small and have problems with some larger weapons.
You are completely attuned to the shadows.


Message History

The adder bites you but does no damage. The adder bites you.
You shoot a sling bullet.
The sling bullet closely misses the adder.
The adder barely misses you. The adder misses you.
You shoot a sling bullet.
The sling bullet closely misses the adder.
You shoot a sling bullet.
The sling bullet closely misses the adder.
The adder barely misses you. The adder bites you but does no damage.
The adder barely misses you. The adder closely misses you.
You shoot a sling bullet.
The sling bullet closely misses the adder.
The adder bites you. The adder closely misses you.
You shoot a sling bullet.
The sling bullet closely misses the adder.
The adder barely misses you. The adder bites you. x2
You are poisoned.
The adder poisons you! The adder bites you but does no damage.
You shoot a sling bullet.
The sling bullet barely misses the adder.
You feel sick. The adder closely misses you. The adder bites you.
You are too injured to fight recklessly!
You are too injured to fight recklessly!
You feel sick. The adder barely misses you. The adder bites you.
* * * LOW HITPOINT WARNING * * *
You are lethally poisoned!
The adder poisons you!
* * * LOW HITPOINT WARNING * * *
You feel sick. The adder barely misses you.
You shoot a sling bullet.
The sling bullet barely misses the adder.
The sling bullet misses the adder.
* * * LOW HITPOINT WARNING * * *
You feel sick. The adder barely misses you.
You shoot a sling bullet.
The sling bullet hits the adder but does no damage.
The adder is moderately wounded.
* * * LOW HITPOINT WARNING * * *
You feel sick. The adder barely misses you. The adder bites you.
You die...

.. #..##.......#
##.#...... #.##
####.#.#
#.##.###. #.#
##.#.# #.##.##..
..#
#>.#.####........
####
#.##.........###.
#.#######....#
#.# #....# #.#
#..#.#### #@#
#.......# ##S#
#...###.## #.S#
#...###.#. #.##
#.#....... #..
..#######< #.. #.
#.. ##


You could see 2 adders.

Vanquished Creatures
  An adder (D:2)
  4 dart slugs
  3 endoplasms
  A goblin (D:1)
  2 hobgoblins
  5 ball pythons (D:1)
  4 bats (D:1)
  2 kobolds (D:1)
  3 rats
25 creatures vanquished.

Notes
Turn   | Place    | Note
-------+----------+-------------------------------------------
     0 | D:1      | Arctor the Kobold Hexslinger began the quest for the Orb.
     0 | D:1      | Reached XP level 1. HP: 12/12 MP: 2/2
   108 | D:1      | Reached XP level 2. HP: 16/16 MP: 4/4
   532 | D:1      | Reached XP level 3. HP: 20/20 MP: 5/5
  1028 | D:1      | Learned a level 2 spell: Jinxbite
  1280 | D:2      | HP: 1/21 [poisoned by an adder]
  1280 | D:2      | Slain by an adder

Illustrated notes

Levels and vault maps discovered:
D:1:      saegor_arrival_fortress, layout_loops_ring
D:2:      layout_rooms, minmay_misc_feat_rugged, hangedman_decor_slide_cut

Skill      XL: |  1  2 |
---------------+-------+-----
Ranged Weapons | 3 |  3.1
Fighting       | |  1.7
Dodging        | |  2.8
Spellcasting   | |  1.8
Hexes          | |  3.2
Fire Magic     | |  1.4

Action                     || total
---------------------------++-------
   Fire: Sling             ||    75
 Armour: Robe              ||    21
  Dodge: Dodged            ||    26
